[Event "*** Titled Tuesday Blitz"]
[Site "Chess.com"]
[Date "2020.12.29"]
[Round "9"]
[White "kirillshevchenko"]
[Black "champ2005"]
[Result "1-0"]
[WhiteElo "2879"]
[BlackElo "2985"]
[TimeControl "180+1"]
[EndTime "11:44:22 PST"]
[Termination "kirillshevchenko won by resignation"]

1. e4 g6 2. d4 Bg7 3. Nc3 d6 4. f4 Nf6 5. Nf3 O-O 6. e5 Ne8 7. Bc4 Nc6 8. Be3 Bg4 9. h3 Bxf3 10. Qxf3 e6 11. O-O Ne7 12. Bd3 c5 13. dxc5 dxe5 14.
Rad1 Qc7 15. fxe5 Bxe5 16. Be4 Rb8 17. Nb5 Qa5 18. Nd6 Nxd6 19. cxd6 Nf5 20. Bxf5 gxf5 21. d7 Bf6 22. Rd3 Qxa2 23. Qg3+ Kh8 24. Bg5 Qxb2 25. c3 Bxg5 26. Qxg5 Qb6+ 27. Kh1 Qd8 28. Qf4 Qe7 29. Qe5+ f6 30. Qc7 Rfd8 31. Rfd1 Qf7 32.
Qxb8 Rxb8 33. d8=Q+ Rxd8 34. Rxd8+ Kg7 35. R8d7 Kg6 36.
Rxf7 Kxf7 37. Rd7+ 1-0

[Event "*** Titled Tuesday Blitz"]
[Site "Chess.com"]
[Date "2020.12.29"]
[Round "9"]
[White "DinaBelenkaya"]
[Black "AlanZhang"]
[Result "0-1"]
[WhiteElo "2366"]
[BlackElo "2145"]
[TimeControl "180+1"]
[EndTime "11:44:23 PST"]
[Termination "AlanZhang won by checkmate"]

1. e4 e5 2. Nf3 Nc6 3. d4 exd4 4.
Nxd4 Bc5 5. Nb3 Bb6 6. Nc3 d6 7. a4 a5 8. Bc4 h6 9. Qh5 Qe7 10.
O-O Nf6 11. Qf3 Ne5 12. Qe2 Nxc4 13. Qxc4 O-O 14. Nd5 Nxd5 15. exd5 Bf5 16. Bd2 Qf6 17. c3 Qg6 18. Qf4 Be4 19. Qg3 Qxg3 20. hxg3 Bxd5 21.
Nd4 Rfe8 22. Rfe1 Kh7 23. Be3 Kg6 24. Kh2 Re7 25. b4 axb4 26. cxb4 Re4 27. Red1 c6 28. a5 Bc7 29. Nc2 Bb3 30. Rd2 Bxc2 31. Rxc2 Rxb4 32. Bd2 Rb5 33. Rca2 Ra6 34. Ra4 f5 35. Bc3 d5 36.
Kg1 c5 37. g4 d4 38. Bd2 fxg4 39. Rc4 Bxa5 40. Rca4 Bxd2 41. Rxa6+ bxa6 42. Rxa6+ Kf5 43.
Rd6 Rb1+ 44. Kh2 Bf4+ 45. g3 Bxd6 46. f4 gxf3 47. Kh3 Rh1# 0-1

[Event "*** Titled Tuesday Blitz"]
[Site "Chess.com"]
[Date "2020.12.29"]
[Round "9"]
[White "torsten64"]
[Black "FMalexhdez"]
[Result "1/2-1/2"]
[WhiteElo "2135"]
[BlackElo "2267"]
[TimeControl "180+1"]
[EndTime "11:44:24 PST"]
[Termination "Game drawn by agreement"]

1. d4 Nf6 2. c4 e6 3. Nf3 b6 4.
g3 Bb7 5. Bg2 c5 6. d5 exd5 7.
Nh4 g6 8. Nc3 Bg7 9. Nxd5 Nxd5 10.
cxd5 O-O 11. O-O d6 12. Nf3 Nd7 13. Bg5 Nf6 14. Re1 h6 15. Bxf6 Qxf6 16. Rb1 Rfe8 17. e4 Ba6 18. b3 Re7 19. Qc2 Rae8 20. Nd2 Qd4 21. Nc4 Bxc4 22. bxc4 f5 23. Red1 Qe5 24.
exf5 gxf5 25. Bf3 f4 26. Kf1 fxg3 27. hxg3 Qf6 28. Kg2 Qg5 29. Qd2 Bd4 30. Qxg5+ hxg5 31.
Kf1 Kg7 32. Re1 Kf6 33. Rxe7 Rxe7 34. Re1 Rxe1+ 35. Kxe1 Ke5 36. Ke2 a6 37. Bg4 b5 38.
f4+ gxf4 39. gxf4+ Kxf4 40. Bc8 bxc4 41. Bxa6 c3 42.
Kd3 Ke5 43. Bc4 Kf6 44. a4 Ke7 45. a5 Kd8 46. a6 Kc7 47. Kc2 Kb6 48. Kd3 Bf6 49. Kc2 Bd4 50. Kd3 Be5 51. Kc2 Bf6 52.
Kd3 Bg7 53. Kc2 Bf6 54. Kd3 Bg7 1/2-1/2

[Event "*** Titled Tuesday Blitz"]
[Site "Chess.com"]
[Date "2020.12.29"]
[Round "9"]
[White "Evgeny81"]
[Black "juancruzarias"]
[Result "1-0"]
[WhiteElo "2735"]
[BlackElo "2558"]
[TimeControl "180+1"]
[EndTime "11:44:25 PST"]
[Termination "Evgeny81 won by resignation"]

1. c4 e5 2. g3 Nc6 3. Bg2 g6 4.
Nc3 Bg7 5. Nf3 d6 6. O-O Nge7 7. d3 O-O 8. Rb1 a6 9. b4 Rb8 10. a4 a5 11. b5 Nb4 12. Ba3 c5 13. Nd2 b6 14. Bb2 f5 15. Nd5 Bb7 16.
Nxe7+ Qxe7 17. Bxb7 Qxb7 18. Nf3 h6 19. Bc3 g5 20.
Ne1 Rf7 21. f3 Rbf8 22. Ng2 f4 23. g4 Bf6 24. Kf2 e4 25. Bxf6 e3+ 26. Ke1 Rxf6 27.
h4 Qg7 28. Rh1 d5 29. cxd5 Rd6 30. Qb3 Kf7 31. Qc4 Re8 32. hxg5 hxg5 33. Rh5 Rh8 34. Nxf4 gxf4 35. Qxf4+ Rf6 36. Qc7+ Kg6 37. Rg5+ Kxg5 38. Qxg7+ Kf4 39. Qxf6+ Kg3 40. Qxh8 1-0

[Event "*** Titled Tuesday Blitz"]
[Site "Chess.com"]
[Date "2020.12.29"]
[Round "9"]
[White "Storne89"]
[Black "rubhani"]
[Result "1-0"]
[WhiteElo "2633"]
[BlackElo "2492"]
[TimeControl "180+1"]
[EndTime "11:44:25 PST"]
[Termination "Storne89 won by resignation"]

1. e4 d5 2. exd5 Qxd5 3. Nc3 Qd8 4. d4 Nf6 5. Nf3 Bg4 6. Bc4 e6 7. Be3 Nbd7 8. h3 Bh5 9. g4 Bg6 10. Qe2 Nb6 11. Bb3 a5 12. a3 a4 13. Ba2 Be7 14. O-O-O O-O 15. Ne5 Nfd5 16. Nxd5 Nxd5 17. f4 c6 18. Bd2 Nf6 19. h4 Be4 20. Rhe1 Qxd4 21. Bc3 Qb6 22. Nxf7 Nd5 23. Be5 Rxf7 24. Qxe4 Raf8 25.
h5 h6 26. Qg6 Bf6 27. f5 Bxe5 28. Rxe5 Nf4 29. fxe6 Re7 30. Qe4 Qf2 31. Kb1 Ng2 32.
g5 Rf4 33. Qd3 hxg5 34. Qd8+ Rf8 35. Qxe7 1-0

[Event "*** Titled Tuesday Blitz"]
[Site "Chess.com"]
[Date "2020.12.29"]
[Round "9"]
[White "stephan97"]
[Black "NoGalloNoParty"]
[Result "0-1"]
[WhiteElo "2250"]
[BlackElo "2375"]
[TimeControl "180+1"]
[EndTime "11:44:25 PST"]
[Termination "NoGalloNoParty won by resignation"]

1. d4 Nf6 2. c4 e6 3. Nf3 Bb4+ 4. Bd2 Qe7 5. e3 b6 6. Bd3 Bb7 7. O-O O-O 8. Nc3 d6 9. Qc2 Nbd7 10. e4 Bxc3 11.
Bxc3 e5 12. d5 a5 13. a3 a4 14. Qe2 Nc5 15. Bc2 Ba6 16. Bb4 Nfd7 17. g3 Rab8 18. Nh4 g6 19. Bc3 b5 20. Ng2 bxc4 21. f4 Nb3 22.
Rae1 Nd4 23. Qd1 Nc5 24. Bxd4 exd4 25. Qxd4 c3 26. Qxc3 Bxf1 27. Kxf1 Qd7 28. Kg1 Qb5 29. Ne3 Qxb2 30. Qc4 Qxa3 31. Ng4 Qb4 32. Qe2 Qd4+ 33. Kh1 a3 34. Bb1 Rb2 35. Qf1 a2 36. Bxa2 Rxa2 37. f5 Nxe4 38. f6 Nf2+ 39. Nxf2 Qxf2 40. Qh3 Qxf6 0-1

[Event "*** Titled Tuesday Blitz"]
[Site "Chess.com"]
[Date "2020.12.29"]
[Round "9"]
[White "Efremov_Vlad"]
[Black "Training_Day"]
[Result "1-0"]
[WhiteElo "2288"]
[BlackElo "2368"]
[TimeControl "180+1"]
[EndTime "11:44:26 PST"]
[Termination "Efremov_Vlad won on time"]

1. d4 d5 2. c4 c6 3. Nf3 Nf6 4. Qb3 dxc4 5. Qxc4 Bg4 6. Nbd2 e6 7. g3 Nbd7 8. Bg2 Be7 9. O-O O-O 10. Qb3 Qc7 11. Nc4 Nb6 12. Bf4 Qc8 13. Nxb6 axb6 14. Qxb6 Nd5 15. Qb3 Nxf4 16. gxf4 Bd6 17. e3 Bxf3 18.
Bxf3 Qc7 19. Bg2 Kh8 20. a3 Rg8 21. Kh1 g5 22. fxg5 Rxg5 23. f4 Rg7 24. Qd3 Rag8 25. Rg1 Qa5 26. Bf3 Rxg1+ 27. Rxg1 Rxg1+ 28. Kxg1 Qe1+ 29. Kg2 Kg7 30. Bd1 f5 31. Qe2 Qxe2+ 32. Bxe2 c5 33. dxc5 Bxc5 34. Kf3 Kf6 35. b4 Bd6 36. e4 fxe4+ 37.
Kxe4 e5 38. f5 b6 39. Bd3 Bc7 40. Kd5 Bd8 41. Kc6 Kg5 42. Kd7 Bf6 43. Kc7 Kf4 44. Kxb6 e4 45. Ba6 e3 46. Be2 Kxf5 47. a4 Ke5 48. a5 Kd4 49. b5 1-0

[Event "*** Titled Tuesday Blitz"]
[Site "Chess.com"]
[Date "2020.12.29"]
[Round "9"]
[White "JoachimMouhamad"]
[Black "Babujj"]
[Result "1-0"]
[WhiteElo "2391"]
[BlackElo "2521"]
[TimeControl "180+1"]
[EndTime "11:44:27 PST"]
[Termination "JoachimMouhamad won by checkmate"]

1. e4 c5 2. Nf3 d6 3. d4 cxd4 4.
Nxd4 Nf6 5. Nc3 g6 6. Be3 Bg7 7. f3 O-O 8. Qd2 Nc6 9. O-O-O Bd7 10. g4 Rc8 11. h4 h5 12. g5 Nh7 13. f4 Re8 14. Be2 Qa5 15. Kb1 Nxd4 16. Bxd4 Nf8 17. Bxg7 Kxg7 18. Rhf1 b5 19. f5 b4 20. Nd5 e6 21.
Ne7 exf5 22. exf5 Bxf5 23. Nxf5+ gxf5 24. Bxh5 Rc6 25. Bf3 Ra6 26. Bd5 Re5 27. Bb3 d5 28. Qd4 Qc7 29. Rxf5 Re6 30. Bxd5 Re7 31. Re1 Qc5 32.
Rxf7+ Kg6 33. Qd3+ Kh5 34. Bf3+ Kxh4 35. Rh1+ Kg3 36. Bd1+ Re3 37. Rf3+ Kg2 38. Qf1# 1-0

[Event "*** Titled Tuesday Blitz"]
[Site "Chess.com"]
[Date "2020.12.29"]
[Round "9"]
[White "Nadtkins"]
[Black "Kosak12"]
[Result "0-1"]
[WhiteElo "2523"]
[BlackElo "2760"]
[TimeControl "180+1"]
[EndTime "11:44:28 PST"]
[Termination "Kosak12 won by resignation"]

1. c4 e6 2. Nf3 Nf6 3. g3 b6 4. Bg2 Bb7 5. O-O Be7 6. d4 O-O 7. Nc3 Ne4 8. Bd2 f5 9. Ne5 Nxc3 10. Bxc3 Bxg2 11. Kxg2 Bf6 12. f4 d6 13. Nf3 Nd7 14.
Qd3 c5 15. Rad1 cxd4 16. Bxd4 Nc5 17. Bxc5 dxc5 18. Qxd8 Rfxd8 19. b3 Kf7 20. h3 Ke7 21. g4 g6 22. Kf2 a6 23. a4 Rab8 24. Rd3 Rxd3 25.
exd3 b5 26. axb5 axb5 27. Re1 b4 28. Ne5 Bxe5 29. Rxe5 Kd6 30. Re2 Ra8 31. Rd2 Ra3 32. Rb2 fxg4 33. hxg4 e5 34. Kf3 Ra1 35. Rf2 exf4 36.
Kxf4 Rb1 37. Kg5 Rxb3 38. Rf7 Rxd3 39. Rxh7 Ke5 40. Kxg6 Kd4 41. g5 Kxc4 42. Rh4+ Kc3 43. Kf5 b3 44. g6 b2 45. Rh1 Rg3 46. Kf6 c4 47. g7 Kc2 48. Kf7 c3 49. g8=Q Rxg8 50.
Kxg8 b1=Q 0-1

[Event "*** Titled Tuesday Blitz"]
[Site "Chess.com"]
[Date "2020.12.29"]
[Round "9"]
[White "bocah_sakit"]
[Black "FGHSMN"]
[Result "0-1"]
[WhiteElo "2814"]
[BlackElo "2662"]
[TimeControl "180+1"]
[EndTime "11:44:29 PST"]
[Termination "FGHSMN won by resignation"]

1. e4 c5 2. Nf3 e6 3. d4 cxd4 4. Nxd4 a6 5. Bd3 Nf6 6. O-O Qc7 7. Qe2 d6 8. Nc3 Be7 9. Kh1 O-O 10. f4 Nbd7 11. Bd2 b6 12. Rae1 g6 13. e5 Nh5 14.
exd6 Qxd6 15. Nf5 gxf5 16. Qxh5 Bb7 17. Re3 Kh8 18. Ne4 Bxe4 19. Bc3+ e5 20. Bxe4 fxe4 21. fxe5 Qg6 22. e6+ Nf6 23. Qh4 fxe6 24. Rg3 Qf7 25. Rh3 Rad8 26. g4 e3 27. Rxe3 e5 28. Bxe5 Qd5+ 29.
Kg1 Bc5 30. Bxf6+ Kg8 31. Qg5+ Qxg5 32. Bxg5 Bxe3+ 33. Kg2 Rxf1 34. Kxf1 0-1

[Event "*** Titled Tuesday Blitz"]
[Site "Chess.com"]
[Date "2020.12.29"]
[Round "9"]
[White "MumLookatMeNow"]
[Black "Dinamo81"]
[Result "0-1"]
[WhiteElo "2519"]
[BlackElo "2668"]
[TimeControl "180+1"]
[EndTime "11:44:34 PST"]
[Termination "Dinamo81 won by resignation"]

1. e4 c5 2. d4 cxd4 3. c3 dxc3 4. Nxc3 d6 5. Nf3 Nc6 6. Bc4 a6 7. O-O Nf6 8. Bf4 Bg4 9. h3 Bxf3 10. Qxf3 e6 11. Rfd1 Qb8 12. Be2 Be7 13. Qg3 O-O 14.
Rxd6 Bxd6 15. Bxd6 Qa7 16. Bxf8 Rxf8 17. Rd1 Qc5 18. Kh2 e5 19. Bd3 Rd8 20. Bc2 Rxd1 21. Bxd1 Qd4 22. Bf3 Kf8 23. Qg5 h6 24. Qg3 b5 25. a3 b4 26. axb4 Nxb4 27. Bg4 g6 28. f4 Nd3 29. fxe5 Nxg4+ 30. Qxg4 Qxe5+ 31. Qg3 Qxg3+ 32. Kxg3 Nxb2 33. Kf4 Ke7 34. Ke5 Nd3+ 35. Kd4 Nf4 36. g3 Nxh3 37. Nd5+ Kd7 38. Kc5 Ng5 39. e5 Ne4+ 40. Kb6 Ke6 0-1

[Event "*** Titled Tuesday Blitz"]
[Site "Chess.com"]
[Date "2020.12.29"]
[Round "9"]
[White "NiranjanNavalgund"]
[Black "arctic_t00"]
[Result "0-1"]
[WhiteElo "2496"]
[BlackElo "2630"]
[TimeControl "180+1"]
[EndTime "11:44:34 PST"]
[Termination "arctic_t00 won by resignation"]

1. d4 Nf6 2. c4 g6 3. Nc3 Bg7 4. e4 d6 5. Bd3 O-O 6. Nge2 c5 7. d5 Nbd7 8. f4 a6 9. O-O b5 10. cxb5 Nb6 11. bxa6 Bxa6 12. Bxa6 Rxa6 13. Kh1 Qa8 14. f5 Nc4 15. fxg6 hxg6 16. Ng3 Qb7 17. Qc2 Ng4 18.
Qe2 Nge5 19. Rb1 Rb6 20. b3 Na5 21. Bd2 Qa6 22. Qxa6 Rxa6 23. Nb5 Rb8 24. a4 c4 25.
bxc4 Naxc4 26. Bc3 Rxa4 27. Ne2 Ne3 28. Rfc1 Rxe4 29.
Nbd4 Rxb1 30. Rxb1 Nxd5 31. Bd2 Nc4 32. Be1 Bxd4 33.
Nxd4 Rxd4 34. Kg1 f6 35. Kf2 Kf7 36. h3 Rd3 37. Rb7 Ne5 38. Ke2 Ra3 39. Bd2 Ra2 40. g4 Nc4 0-1

[Event "*** Titled Tuesday Blitz"]
[Site "Chess.com"]
[Date "2020.12.29"]
[Round "9"]
[White "Alekseyviktorovich"]
[Black "chessdjw"]
[Result "0-1"]
[WhiteElo "2315"]
[BlackElo "2592"]
[TimeControl "180+1"]
[EndTime "11:44:34 PST"]
[Termination "chessdjw won by resignation"]

1. e4 e5 2. Nf3 Nc6 3. Bb5 g6 4. Nc3 Bg7 5. O-O Nge7 6. d3 O-O 7. a3 Nd4 8. Nxd4 exd4 9. Ne2 c6 10. Ba4 d5 11. exd5 Nxd5 12. Nf4 Re8 13. Nxd5 Qxd5 14. Bb3 Qf5 15. Re1 Bd7 16. Bd2 h5 17. h3 h4 18. Rxe8+ Rxe8 19. Qf1 b6 20. Re1 Re5 21. Rxe5 Qxe5 22. Qe1 Qxe1+ 23. Bxe1 Bh6 24. f3 Be3+ 25. Bf2 Bxf2+ 26. Kxf2 Kg7 27. f4 f6 28. Kf3 Bf5 29.
Bc4 Kf8 30. c3 c5 31. cxd4 cxd4 32. b4 Ke7 33. g4 hxg3 34. Kxg3 Kd6 35. h4 Kc6 36.
Kf3 b5 37. Bf7 Bxd3 38. Be8+ Kd6 39. f5 Bxf5 40. Bxb5 Ke5 41. Bc4 Be4+ 42. Kg4 d3 43. Bb3 f5+ 44. Kg5 f4 45. Kg4 f3 46. Kg3 Kd4 47. Kf2 Kc3 48. Ba4 d2 0-1

[Event "*** Titled Tuesday Blitz"]
[Site "Chess.com"]
[Date "2020.12.29"]
[Round "9"]
[White "ZatonskihAnna"]
[Black "lavr92"]
[Result "1-0"]
[WhiteElo "2519"]
[BlackElo "2596"]
[TimeControl "180+1"]
[EndTime "11:44:35 PST"]
[Termination "ZatonskihAnna won by resignation"]

1. e4 e5 2. Nf3 Nc6 3. Nc3 Nf6 4. d4 exd4 5. Nxd4 Bb4 6. Nxc6 bxc6 7. Bd3 O-O 8. O-O Re8 9. Bg5 h6 10. Bh4 d6 11. f3 Rb8 12. Kh1 d5 13. exd5 Bxc3 14. bxc3 cxd5 15. Qd2 c5 16. Rad1 Be6 17. Qf2 Rc8 18. Ba6 Rc7 19. Bg3 c4 20. Bxc7 Qxc7 21. Rb1 Qa5 22. Qxa7 Qxa2 23. Rb8 Rxb8 24. Qxb8+ Kh7 25.
Bc8 Qxc2 26. Bxe6 fxe6 27. Qe5 Qf5 28. Re1 Qd3 29. h3 Nd7 30. Qxe6 Qxc3 31. Qf5+ g6 32.
Re7+ Kg8 33. Qxg6+ 1-0

[Event "*** Titled Tuesday Blitz"]
[Site "Chess.com"]
[Date "2020.12.29"]
[Round "9"]
[White "AttilaTurzo"]
[Black "Chessbard1972"]
[Result "1-0"]
[WhiteElo "2492"]
[BlackElo "2326"]
[TimeControl "180+1"]
[EndTime "11:44:35 PST"]
[Termination "AttilaTurzo won on time"]

1. d4 Nf6 2. Nf3 g6 3. Bg5 Bg7 4. c3 d5 5. Nbd2 O-O 6. e3 Bf5 7. Be2 c5 8. O-O Nc6 9. Qb3 Na5 10. Qa3 cxd4 11. cxd4 h6 12. Bf4 g5 13. Be5 Nc6 14. Rfc1 Rc8 15. h3 Bg6 16. Rc3 Ne4 17. Nxe4 Bxe4 18. Bxg7 Kxg7 19. Rac1 f6 20. Nd2 Bf5 21. Nb3 e5 22. Rd1 e4 23. Rdc1 Ne7 24. Qxa7 Rxc3 25.
Rxc3 Bc8 26. Nc5 Rf7 27. Rb3 Nc6 28. Qa8 Qc7 29. Bb5 Ne7 30. Rc3 Qb6 31. a4 f5 32.
Qb8 Qf6 33. Qe5 f4 34. Qxf6+ Kxf6 35. a5 Nf5 36. b4 fxe3 37. fxe3 Ng3 38. Nb3 1-0

[Event "*** Titled Tuesday Blitz"]
[Site "Chess.com"]
[Date "2020.12.29"]
[Round "9"]
[White "Walter_White_Poland"]
[Black "PowerThinking2650"]
[Result "1-0"]
[WhiteElo "2334"]
[BlackElo "2413"]
[TimeControl "180+1"]
[EndTime "11:44:35 PST"]
[Termination "Walter_White_Poland won by checkmate"]

1. e4 e5 2. Nf3 Nc6 3. Bb5 a6 4. Ba4 Nf6 5. d4 exd4 6. O-O Be7 7.
e5 Ne4 8. Nxd4 Nxd4 9. Qxd4 Nc5 10. Qg4 Nxa4 11. Qxg7 Rf8 12. Bh6 Nc5 13. Nc3 d5 14.
Qxh7 Be6 15. f4 Qd7 16. f5 d4 17. Bxf8 Bxf8 18. fxe6 Qxe6 19. Ne4 Nxe4 20. Qxe4 O-O-O 21. Qf5 Bh6 22. Qxe6+ fxe6 23. Rf6 Be3+ 24. Kf1 Re8 25.
Ke2 Kd7 26. Raf1 c5 27. a4 Rh8 28. h3 Rh5 29. Kd3 Rxe5 30. g4 b5 31. axb5 axb5 32. b3 Bg5 33. R6f3 Kd6 34. c3 Be3 35. cxd4 Bxd4 36. b4 Rd5 37. bxc5+ Bxc5+ 38. Kc3 Bd4+ 39. Kb3 e5 40. Rf6+ Ke7 41. Rf7+ Kd6 42. R1f6+ Kc5 43. Rc7# 1-0

[Event "*** Titled Tuesday Blitz"]
[Site "Chess.com"]
[Date "2020.12.29"]
[Round "9"]
[White "paulrusan"]
[Black "ChessQueen"]
[Result "1-0"]
[WhiteElo "2285"]
[BlackElo "2706"]
[TimeControl "180+1"]
[EndTime "11:44:36 PST"]
[Termination "paulrusan won on time"]

1. e4 c6 2. d4 d5 3. f3 g6 4.
Nc3 Bg7 5. Be3 Nf6 6. e5 Nfd7 7. f4 b5 8. Qd2 Nb6 9. b3 a5 10. a4 b4 11. Nd1 O-O 12. Nf3 f6 13. Bd3 Bg4 14. O-O N8d7 15. h3 Bxf3 16. Rxf3 Rc8 17. e6 Nb8 18. f5 g5 19. Nf2 c5 20. dxc5 d4 21. Bxg5 fxg5 22. cxb6 h6 23. b7 Rc7 24. h4 Nc6 25. hxg5 h5 26. f6 exf6 27. e7 Rxe7 28. Bc4+ Kh7 29. Qd3+ f5 30. Rxf5 Rxf5 31. Qxf5+ Kh8 32.
Qg6 Be5 33. Qxc6 d3 34. Rd1 d2 35. Nd3 Bd4+ 36. Kh1 1-0

[Event "*** Titled Tuesday Blitz"]
[Site "Chess.com"]
[Date "2020.12.29"]
[Round "9"]
[White "swisspower96"]
[Black "Salem-AR"]
[Result "0-1"]
[WhiteElo "2669"]
[BlackElo "2918"]
[TimeControl "180+1"]
[EndTime "11:44:38 PST"]
[Termination "Salem-AR won on time"]

1. d4 Nf6 2. c4 g6 3. Nc3 d5 4. cxd5 Nxd5 5. e4 Nxc3 6. bxc3 Bg7 7. Bc4 c5 8. Ne2 Nc6 9. Be3 O-O 10. O-O Na5 11.
Bd3 b6 12. Rc1 e6 13. Qd2 Bb7 14. Rfd1 Rc8 15. Bg5 Qd7 16. h4 f5 17. e5 Nc6 18. Qe3 cxd4 19. cxd4 Nb4 20. Bb1 Nd5 21. Qg3 Rxc1 22. Rxc1 Rc8 23. Rxc8+ Qxc8 24. h5 Kf7 25. Bd2 Qc4 26. hxg6+ hxg6 27. Qd3 Ba6 28. Nc1 Bf8 29. Kh2 Qxd3 30. Bxd3 Bxd3 31. Nxd3 Ba3 32. g4 b5 33. Kg3 b4 34. Kf3 a5 35. gxf5 gxf5 36.
Nc5 Bb2 37. Be3 Nc3 38. Nb7 a4 39. Nd6+ Ke7 40. Nc8+ Kf7 41. Nd6+ Kg6 0-1

[Event "*** Titled Tuesday Blitz"]
[Site "Chess.com"]
[Date "2020.12.29"]
[Round "9"]
[White "Iskusnyh"]
[Black "ShahMatKanal"]
[Result "1-0"]
[WhiteElo "2571"]
[BlackElo "2447"]
[TimeControl "180+1"]
[EndTime "11:44:38 PST"]
[Termination "Iskusnyh won by resignation"]

1. d4 d5 2. c4 c6 3. Nf3 Nf6 4. e3 a6 5. Bd3 b5 6. c5 Bg4 7. Nbd2 Nbd7 8. Qc2 Qc7 9. a4 Rb8 10. axb5 axb5 11. b4 g6 12. Bb2 Bxf3 13. gxf3 Bg7 14. f4 O-O 15. O-O Ra8 16. Bc3 e6 17. Ra2 Rfb8 18.
Rfa1 Qb7 19. Nb3 h6 20. Qb1 g5 21. fxg5 hxg5 22. Kh1 Ng4 23. Qg1 f5 24. Na5 Qc7 25. h3 Ngf6 26. Qxg5 Ne4 27. Bxe4 dxe4 28. Rg1 Nf6 29.
Qxf6 Rf8 30. Qxe6+ Kh8 31. Qg6 f4 32. Qh5+ Kg8 33.
d5 Rf7 34. d6 Qd7 35. Raa1 Raf8 36. Rxg7+ Rxg7 37. Bxg7 Qxg7 38. Rg1 fxe3 39. Rxg7+ 1-0

[Event "*** Titled Tuesday Blitz"]
[Site "Chess.com"]
[Date "2020.12.29"]
[Round "9"]
[White "peixe64"]
[Black "mat_kolosowski"]
[Result "0-1"]
[WhiteElo "2449"]
[BlackElo "2685"]
[TimeControl "180+1"]
[EndTime "11:44:38 PST"]
[Termination "mat_kolosowski won by resignation"]

1. e4 c5 2. Nf3 e6 3. d4 cxd4 4.
Nxd4 Nc6 5. Nc3 Qc7 6. Be3 a6 7. Qd2 Nf6 8. f3 Ne5 9. O-O-O b5 10. g4 h6 11. h4 b4 12. Na4 d5 13. Bh3 Bd7 14. b3 Bxa4 15. bxa4 Bd6 16. Qf2 Qc3 17. Nb3 Nc4 18. Bd4 Bf4+ 19. Rd2 Nxd2 20. Bxc3 Ndxe4+ 21. Qd2 Nxd2 22. Bxd2 Bxd2+ 23. Kxd2 Ke7 24. Na5 Rhc8 25. Rb1 Rab8 26. Bf1 Rb6 27. g5 hxg5 28. hxg5 Nd7 29. Nb3 Nc5 30. a5 Nxb3+ 31. Rxb3 Rbc6 32. Bd3 Rb8 33.
a3 Rc3 34. Rxb4 Rxb4 35. axb4 Rc6 36. f4 Kd6 37. Ke3 e5 38. fxe5+ Kxe5 39. Bh7 g6 40. Bg8 Ke6 41. Kd4 Rc4+ 42. Kd3 Rc8 43. Bh7 Rh8 44.
Kd4 Rxh7 45. Kc5 Rh2 46. Kb6 Rxc2 47. Kxa6 d4 48. b5 d3 49. b6 d2 50. b7 Rb2 0-1

[Event "*** Titled Tuesday Blitz"]
[Site "Chess.com"]
[Date "2020.12.29"]
[Round "9"]
[White "VladimirBugayev"]
[Black "juli2512"]
[Result "0-1"]
[WhiteElo "2254"]
[BlackElo "2123"]
[TimeControl "180+1"]
[EndTime "11:44:38 PST"]
[Termination "juli2512 won by resignation"]

1. e4 c5 2. a3 d5 3. exd5 Qxd5 4. Nc3 Qd8 5. Bc4 e6 6. d3 Nf6 7. Nge2 Be7 8. f3 Nc6 9. Bf4 O-O 10. Qd2 a6 11. a4 b6 12. O-O Nd5 13. Bg3 Bf6 14.
Rab1 Bb7 15. Ne4 Be7 16. N2c3 Nd4 17. Bf2 Nb4 18. Rbc1 Bc6 19. Ne2 b5 20. Nxd4 cxd4 21. axb5 axb5 22. Bb3 Bb7 23. Rfe1 Nc6 24. f4 Qd7 25.
Re2 Rad8 26. Rf1 Bb4 27. Qc1 Be7 28. Be1 Nb4 29. Bxb4 Bxb4 30. Ng5 h6 31. Nf3 Be7 32. Ne5 Qc7 33. f5 Bd5 34. Bxd5 Rxd5 35. fxe6 Rxe5 36. exf7+ Rxf7 37. Rxe5 Qxe5 38. Rxf7 Kxf7 39. Qf1+ Qf6 40. Qe2 Bd6 41. Qh5+ Qg6 42. Qxb5 Qe6 43. Qb7+ Kf6 44. Qf3+ Qf5 45. Qd5 Qxd5 0-1

[Event "*** Titled Tuesday Blitz"]
[Site "Chess.com"]
[Date "2020.12.29"]
[Round "9"]
[White "FairChess_on_YouTube"]
[Black "VerdeNotte"]
[Result "1-0"]
[WhiteElo "3011"]
[BlackElo "2888"]
[TimeControl "180+1"]
[EndTime "11:44:39 PST"]
[Termination "FairChess_on_YouTube won on time"]

1. Nf3 c5 2. b3 d6 3. Bb2 e5 4. g3 g6 5. c4 Bg7 6. Bg2 Nc6 7. O-O Nge7 8. d3 O-O 9. Nc3 h6 10. a3 a5 11. Nd2 Rb8 12. Nb5 Be6 13. Ne4 Nc8 14.
Nec3 Qd7 15. Nd5 Bh3 16. e4 Bxg2 17. Kxg2 N8e7 18. f4 Nxd5 19. exd5 Nd4 20. Bxd4 exd4 21. f5 gxf5 22. Qh5 Rbe8 23. Qxf5 Re2+ 24. Kh3 Qe7 25. Rf4 Qg5 26. Nxd6 Qxf5+ 27. Rxf5 b6 28. Raf1 f6 29. R5f2 Re3 30. Rf3 Re2 31. a4 Rb2 32. Re1 Rxb3 33. Nf5 h5 34. d6 Rd8 35. Re6 Rb2 36. Rf4 Rd2 37. Rfe4 Bf8 38. Rxf6 Rxd3 39. Kh4 Rd2 40. Kxh5 Rxh2+ 41. Kg6 Rh7 42. Ne7+ Bxe7 43. Rxe7 Rxe7 44. dxe7 Re8 45. Rd6 1-0

[Event "*** Titled Tuesday Blitz"]
[Site "Chess.com"]
[Date "2020.12.29"]
[Round "9"]
[White "TheBigBoss04"]
[Black "rpragchess"]
[Result "0-1"]
[WhiteElo "2747"]
[BlackElo "2852"]
[TimeControl "180+1"]
[EndTime "11:44:40 PST"]
[Termination "rpragchess won on time"]

1. d4 Nf6 2. c4 g6 3. Nc3 Bg7 4.
e4 d6 5. h3 O-O 6. Nf3 c5 7. Be3 Qa5 8. Qd2 cxd4 9. Nxd4 b6 10. g3 Bb7 11. Bg2 Nbd7 12. O-O Rfc8 13. b3 Nc5 14. f3 Ne6 15. Nde2 a6 16. a3 b5 17. b4 Qc7 18. cxb5 axb5 19. Nxb5 Qc4 20.
a4 Nd7 21. Rac1 Qb3 22. a5 Ba6 23. Nbd4 Nxd4 24. Nxd4 Bxd4 25. Qxd4 Bxf1 26. Rxf1 Qc3 27. Rb1 Rab8 28. Qxc3 Rxc3 29. Bd2 Rc2 30. Be1 Ne5 31.
a6 Ra2 32. b5 Rxa6 0-1

[Event "*** Titled Tuesday Blitz"]
[Site "Chess.com"]
[Date "2020.12.29"]
[Round "9"]
[White "rududuyk"]
[Black "viktorko131"]
[Result "0-1"]
[WhiteElo "2230"]
[BlackElo "2081"]
[TimeControl "180+1"]
[EndTime "11:44:40 PST"]
[Termination "viktorko131 won by resignation"]

1. e4 c5 2. Nc3 Nc6 3. f4 e6 4. Nf3 d5 5. Bb5 Ne7 6. exd5 exd5 7. O-O a6 8. Bxc6+ Nxc6 9. Re1+ Be7 10. d4 O-O 11. Kh1 cxd4 12. Nxd4 Nxd4 13. Qxd4 Bf6 14. Qd3 d4 15. Ne2 Re8 16. b3 Bg4 17. Bb2 Qe7 18.
Ng1 Qxe1 19. Rxe1 Rxe1 20. h3 Be6 21. Kh2 Rd8 22. Nf3 Re3 23. Qd2 Re4 24. Ng5 Bxg5 25.
fxg5 Bf5 26. Qf2 Bg6 27. h4 h5 28. Qg3 Kh7 29. Kh3 Re3 30. Bc1 Rxg3+ 31. Kxg3 Rc8 32. Kf3 Rxc2 33. Ba3 Rxa2 34. Bc5 Rb2 35. Bxd4 Rxb3+ 36. Kf2 a5 37. Ke2 a4 38. Kd2 a3 39.
Bxg7 Kxg7 40. Kc1 a2 41. Kd2 a1=Q 0-1

[Event "*** Titled Tuesday Blitz"]
[Site "Chess.com"]
[Date "2020.12.29"]
[Round "9"]
[White "francyIM"]
[Black "maxip32"]
[Result "1/2-1/2"]
[WhiteElo "2679"]
[BlackElo "2510"]
[TimeControl "180+1"]
[EndTime "11:44:41 PST"]
[Termination "Game drawn by repetition"]

1. f4 d5 2. Nf3 Nf6 3. g3 e6 4.
Bg2 c5 5. d3 Nc6 6. c3 Be7 7. O-O O-O 8. Qe1 Rb8 9. e4 dxe4 10.
dxe4 b5 11. e5 Nd7 12. Be3 c4 13. Qf2 Qc7 14. Nbd2 a5 15. a4 Ba6 16. axb5 Bxb5 17. Rfb1 a4 18. Bf1 Na5 19. Nd4 Qb7 20. b4 Nb3 21.
N2xb3 axb3 22. Ra5 Qe4 23. Rd1 Bc6 24. Nxc6 Qxc6 25. Bg2 Qc8 26. Ra7 Rd8 27. Qe2 Bf8 28. Rd4 Nb6 29. Be4 Rxd4 30. Bxd4 Nd5 31. h4 Nxb4 32. cxb4 c3 33. Bxh7+ Kxh7 34. Qh5+ Kg8 35.
Qxf7+ Kh8 36. Qh5+ Kg8 37. Qf7+ Kh8 38. f5 c2 39. Qh5+ Kg8 40. Qf7+ Kh8 41. Qh5+ Kg8 42. Qf7+ Kh8 1/2-1/2